 Dungeon Crawl Stone Soup version 0.21-a0-404-g291f19a (webtiles) character file.

141 n0claF the Caller (level 5, -3/28 HPs)
             Began as a Deep Elf Summoner on Oct 26, 2017.
             Slain by a scorpion (4 damage)
             ... while paralysed
             ... on level 3 of the Dungeon.
             The game lasted 00:16:15 (3033 turns).

n0claF the Caller (Deep Elf Summoner)               Turns: 3033, Time: 00:16:16

Health: -3/28      AC:  2    Str:  5    XL:     5   Next: 3%
Magic:  1/14       EV:  2    Int: 21    God:
Gold:   201        SH:  0    Dex: 15    Spells: 5/14 levels left

rFire    + . .     SeeInvis .   v - +0 scythe
rCold    . . .     Gourm    .   (shield currently unavailable)
rNeg     . . .     Faith    .   a - +0 robe
rPois    .         Spirit   .   u - +0 hat
rElec    .         Reflect  +   (no cloak)
rCorr    .         Harm     .   (no gloves)
MR       .....                  (no boots)
Stlth    ++........             x - +5 amulet of reflection
HPRegen  0.09/turn              q - ring of protection from fire
MPRegen  0.14/turn              (no ring)

@: paralysed, lethally poisoned (-3 -> -9), berserk cooldown, very slightly
contaminated, slowed
A: no striking features
a: no special abilities


You were on level 3 of the Dungeon.
You were very hungry.

You visited 1 branch of the dungeon, and saw 4 of its levels.

You collected 201 gold pieces.

Inventory:

Hand Weapons
 v - a +0 scythe (weapon)
Armour
 a - a +0 robe (worn)
 u - a +0 hat (worn)
 w - a cursed +0 robe
Jewellery
 q - a ring of protection from fire (left hand)
 x - a +5 amulet of reflection (around neck)
Scrolls
 d - 4 scrolls of identify {unknown}
 h - a scroll of enchant armour {unknown}
 k - 3 scrolls of immolation {unknown}
 l - a scroll of random uselessness {unknown}
 m - a scroll of fog {unknown}
 n - 3 scrolls of teleportation {unknown}
 o - a scroll of magic mapping {unknown}
 t - a scroll of noise {unknown}
Potions
 e - a potion of berserk rage
 i - 3 potions of curing {unknown}
 j - 2 potions of resistance {unknown}
 r - 2 potions of heal wounds {unknown}
 s - 2 potions of flight {unknown}
Books
 b - a book of Callings

   Spells                             Type                      Level
   a - Summon Small Mammal            Summoning                    1
   b - Call Imp                       Summoning                    2
   c - Call Canine Familiar           Summoning                    3
   d - Summon Guardian Golem          Hexes/Summoning              3
   e - Summon Lightning Spire         Summoning/Air                4
   f - Summon Ice Beast               Ice/Summoning                4
Comestibles
 c - a bread ration
 f - 2 meat rations
 g - 3 royal jellies
 p - 4 fruits


   Skills:
 + Level 0.2 Fighting
   Level 0.1 Maces & Flails
 + Level 2.5 Dodging
 + Level 3.0 Stealth
 + Level 5.3 Spellcasting
 + Level 5.5 Summonings


You had 5 spell levels left.
You knew the following spells:

 Your Spells              Type           Power        Failure   Level  Hunger
a - Summon Small Mammal   Summ           ####         1%          1    None
b - Call Imp              Summ           ####....     1%          2    None
c - Summon Guardian Gole  Hex/Summ       ###.....     10%         3    ##.....
d - Call Canine Familiar  Summ           ####....     3%          3    ##.....


Dungeon Overview and Level Annotations

Branches:
Dungeon (4/15)
 Temple: D:4-7

Altars:
Hepliaklqana


Message History

* * * LOW HITPOINT WARNING * * *
Unknown command.
It was a potion of berserk rage.
A red film seems to cover your vision as you go berserk!
You feel yourself moving faster!
You feel mighty! The scorpion misses you.
You are too berserk!
You feel a strong urge to attack something.
* * * LOW HITPOINT WARNING * * *
You feel sick. The scorpion misses you.
You feel your anger nearly subside.
You are no longer berserk.
You pass out from exhaustion.
You feel yourself slow down.
* * * LOW HITPOINT WARNING * * *
You feel sick.
You are feeling very hungry.
* * * LOW HITPOINT WARNING * * *
You feel sick.
The scorpion stings you but does no damage.
The scorpion stings you.
You die...

#.......................#
#........................
#........................
#...รท######..............
#...........###.....#+#.5
#.........#.........'....
###...........#.....#.##.
#.................#.##.
#.....@s.......##.#.##.
#........>.............
#...........#.......##.
#...........#.#.#.#.##.
#.......#####.......##.
#.......#######.#......
##########............#
#.......)........#
#................#


You could see a scorpion.

Vanquished Creatures
  A jackal (D:1)
  A quokka (D:2)
  A bat (D:1)
  A kobold (D:1)
4 creatures vanquished.

Vanquished Creatures (collateral kills)
  Sigmund (D:3)
  An iguana (D:3)
  An adder (D:2)
  2 worms (D:2)
  2 leopard geckos
  An orc (D:3)
  9 bats
  3 giant cockroaches
  5 goblins
  13 hobgoblins
  7 jackals (D:1)
  A ball python (D:1)
  2 frilled lizards
  6 kobolds
  3 rats
57 creatures vanquished.

Grand Total: 61 creatures vanquished

Notes
Turn   | Place    | Note
-------+----------+-------------------------------------------
     0 | D:1      | n0claF the Deep Elf Summoner began the quest for the Orb.
     0 | D:1      | Reached XP level 1. HP: 10/10 MP: 6/6
   306 | D:1      | Reached XP level 2. HP: 15/15 MP: 4/8
   310 | D:1      | Learned a level 2 spell: Call Imp
  1206 | D:2      | Found a hazy altar of Hepliaklqana.
  1216 | D:2      | Reached XP level 3. HP: 19/19 MP: 6/10
  1326 | D:2      | Reached skill level 5 in Summonings
  1842 | D:3      | Found a faded altar of an unknown god.
  2422 | D:3      | Noticed Sigmund
  2477 | D:3      | Killed Sigmund
  2477 | D:3      | Reached skill level 5 in Spellcasting
  2477 | D:3      | Reached XP level 4. HP: 10/24 MP: 5/13
  2477 | D:3      | Reached XP level 5. HP: 11/28 MP: 5/14
  2829 | D:3      | Learned a level 3 spell: Summon Guardian Golem
  2833 | D:3      | Learned a level 3 spell: Call Canine Familiar
  3016 | D:4      | Noticed a phantom
  3028 | D:3      | HP: 2/42 [poisoned by a scorpion]
  3033 | D:3      | Slain by a scorpion

Vault maps used:
D:1:      nzn_arrival_depleted_hourglass
D:2:      nicolae_overflow_crystal_walls
D:3:      chequers_ecumenical_altar_simple_redux, minmay_splitting_lines,
          grunt_ministairs_4, uniq_sigmund
D:4:      first_bread, uniq_edmund

Skill      XL: |  1  2  3 |
---------------+----------+-----
Summonings     | 5 |  5.5
Stealth        | 3 |  3.0
Spellcasting   | 5 |  5.3
Fighting       | |  0.2
Maces & Flails | |  0.1
Dodging        | |  2.5

Action                   |  1- 3 |  4- 6 || total
-------------------------+-------+-------++-------
Melee: Mace              |    29 |       ||    29
       Unarmed           |     2 |       ||     2
       Scythe            |       |     3 ||     3
 Cast: Summon Small Mamm |    32 |       ||    32
       Call Imp          |    57 |     5 ||    62
       Call Canine Famil |       |     3 ||     3
       Summon Guardian G |       |     1 ||     1
  Use: Potion            |       |     1 ||     1
  Eat: Chunk             |     5 |     2 ||     7
Armor: Robe              |    18 |     1 ||    19
Dodge: Dodged            |    79 |     5 ||    84
Block: Other             |       |     3 ||     3

Table legend:
 A = Spawn XP
 B = Non-spawn XP
 C = Spawn XP percentage of total XP
 D = Spawn monster count
 E = Non-spawn monster count
 F = Spawn count percentage of total count
 G = Total turns spent on level
                    A         B        C        D         E        F      G
               +---------+---------+-------+---------+---------+-------+---------
         Total |       0 |     202 |   0.0 |       0 |      61 |   0.0 |  3033
               +---------+---------+-------+---------+---------+-------+---------
           D:1 |       0 |      32 |   0.0 |       0 |      27 |   0.0 |  1013
           D:2 |       0 |      34 |   0.0 |       0 |      22 |   0.0 |   774
           D:3 |       0 |     136 |   0.0 |       0 |      12 |   0.0 |  1237
               +---------+---------+-------+---------+---------+-------+---------
